 Dungeon Crawl Stone Soup version 0.26-a0-30-g56b8cd3df0 (webtiles) character file.

Game seed: 5723164402964703768, levelgen mode: deterministic

1620 vurker the Magician (level 8, 0/66 HPs)
             Began as a Demigod Wizard on May 29, 2020.
             Slain by a centaur (3 damage)
             ... on level 6 of the Dungeon.
             The game lasted 00:12:00 (9128 turns).

vurker the Magician (Demigod Wizard)                Turns: 9128, Time: 00:12:00

Health: 0/66       AC:  2    Str: 10    XL:     8   Next: 37%
Magic:  17/21      EV: 12    Int: 26    God:
Gold:   264        SH:  0    Dex: 14    Spells: 14/19 levels left

rFire    . . .     SeeInvis .   l - +1 short sword (elec)
rCold    . . .     Gourm    .   (no shield)
rNeg     . . .     Faith    .   a - +0 robe
rPois    .         Spirit   .   b - +0 hat
rElec    .         Reflect  .   (no cloak)
rCorr    .         Harm     .   (no gloves)
MR       .....                  (no boots)
Stlth    ++........             A - amulet of the acrobat
HPRegen  0.21/turn              (no ring)
MPRegen  0.17/turn              (no ring)

@: no status effects
A: high mp 1
a: no special abilities


You were on level 6 of the Dungeon.
You were very hungry.

You visited 1 branch of the dungeon, and saw 6 of its levels.
You also visited: Ossuary.

You collected 264 gold pieces.

Inventory:

Hand Weapons
 l - a +1 short sword of electrocution (weapon)
   (You took it off a goblin on level 3 of the Dungeon)
Armour
 a - a +0 robe (worn)
 b - a +0 hat (worn)
Jewellery
 A - an amulet of the acrobat (around neck)
   (You found it on level 4 of the Dungeon)
Wands
 x - a wand of acid (8)
   (You found it in an ossuary)
Scrolls
 d - 3 scrolls of teleportation
 h - a scroll of identify
 k - 2 scrolls of magic mapping
 m - 2 scrolls of remove curse
 o - a scroll of enchant armour {unknown}
 q - a scroll of fear {unknown}
 s - a scroll of enchant weapon
Potions
 c - 2 potions of lignification
 f - 2 potions of haste
 g - 3 potions of curing
 j - 5 potions of heal wounds
 n - 2 potions of flight
 p - 3 potions of resistance
 r - a potion of cancellation
 t - 2 potions of mutation
 z - a potion of magic {unknown}
Comestibles
 e - 9 rations


   Skills:
 + Level 4.2 Fighting
 - Level 1.7 Dodging
 - Level 1.7 Stealth
 * Level 6.4 Spellcasting
 * Level 6.3 Conjurations
 - Level 0.8 Summonings
 - Level 0.8 Translocations


You had 14 spell levels left.
You knew the following spells:

 Your Spells              Type           Power        Failure   Level  Hunger
a - Magic Dart            Conj           ####         1%          1    None
b - Call Imp              Summ           ##......     7%          2    None
w - Blink                 Tloc           N/A          7%          2    None

Your spell library contained the following spells:

 Spells                   Type           Power        Failure   Level  Hunger
 Conjure Flame            Conj/Fire      ###.....     5%          3    None
 Mephitic Cloud           Conj/Pois/Air  ###.....     9%          3    None
 Slow                     Hex            #.......     10%         2    None
 Gell's Gravitas          Tloc           ##........   14%         3    None
 Confusing Touch          Hex            #.......     21%         3    None
 Petrify                  Tmut/Erth      #.......     54%         4    ###....
 Metabolic Englaciation   Hex/Ice        #.........   88%         5    #####..
 Yara's Violent Unravell  Hex/Tmut       #.........   88%         5    #####..


Dungeon Overview and Level Annotations

Branches:
Dungeon (6/15)             Temple (0/1) D:6         Ossuary (visited)


Innate Abilities, Weirdness & Mutations

You have an increased reservoir of magic. (+10% MP)


Message History

Aim: a wyvern skeleton (moderately damaged)
The magic dart hits the wyvern skeleton.
Aim: a wyvern skeleton (heavily damaged)
The magic dart hits the wyvern skeleton.
Aim: a wyvern skeleton (heavily damaged)
The magic dart hits the wyvern skeleton.
Aim: a wyvern skeleton (heavily damaged)
The magic dart hits the wyvern skeleton!
The wyvern skeleton bites you! x2
Aim: a wyvern skeleton (severely damaged)
The magic dart hits the wyvern skeleton.
The wyvern skeleton bites you.
Aim: a wyvern skeleton (almost destroyed)
The magic dart hits the wyvern skeleton.
The wyvern skeleton closely misses you.
Aim: a wyvern skeleton (almost destroyed)
The magic dart hits the wyvern skeleton.
You destroy the wyvern skeleton!
You are feeling very hungry.
There is an open door here.
You open the door.
There is an open door here.
You open the door.
A centaur comes into view.
The centaur wields a +0 shortbow.
The centaur shoots an arrow.
The arrow hits you.
There is an open door here.
You see here an arrow.
A centaur is nearby!
A centaur is nearby!
Aim: a centaur, wielding a +0 shortbow and quivering 14 arrows The magic dart hits the centaur.
The centaur shoots an arrow.
The arrow hits you!
The centaur shoots an arrow.
The arrow hits you!
Aim: a centaur, wielding a +0 shortbow and quivering 12 arrows (lightly wounded)
The magic dart hits the centaur.
Aim: a centaur, wielding a +0 shortbow and quivering 12 arrows (moderately wounded)
The magic dart hits the centaur.
The centaur shoots an arrow.
The arrow hits you.
The centaur shoots an arrow.
The arrow hits you!
* * * LOW HITPOINT WARNING * * *
The centaur unwields a +0 shortbow.
The centaur closely misses you.
A beastly little devil appears in a puff of frigid air.
The centaur misses you.
You closely miss the centaur. The centaur hits you!
* * * LOW HITPOINT WARNING * * *
The centaur hits you but does no damage.
You hit the centaur. Lightning courses through the centaur!
The centaur hits you!
* * * LOW HITPOINT WARNING * * *
The centaur hits you.
You die...

#..................#...#.......#
#..................#...'.......#
#......<...........'...#.......'
#..................##+##.......#
#.......#########..............#
#.......#.......#.......##'#####
#########.......#.......+......#
.......c#.......#......+
.......@#.......#......#
.......5(.......#......#
........#.......#......#
#########.......########
#########


You could see a centaur and a friendly white imp (summoned).

Vanquished Creatures
  Eustachio (D:5)
  An ice beast (D:6)
  A centaur (D:6)
  A bullfrog (D:6)
  A gnoll sergeant (D:5)
  2 water moccasin zombies (Ossuary)
  A wyvern skeleton (D:6)
  A water moccasin skeleton (D:4)
  2 howler monkeys
  A bullfrog zombie (D:6)
  2 jellies (D:6)
  A hound (D:5)
  A worker ant (D:4)
  3 big kobold zombies (Ossuary)
  2 hound skeletons
  2 mummies (Ossuary)
  A worker ant zombie (D:5)
  4 gnolls
  3 adders
  4 shadow imps
  An ooze (D:2)
  An adder skeleton (D:6)
  6 adder zombies (Ossuary)
  6 worms
  2 dart slugs
  3 leopard geckos
  6 orcs
  5 ball pythons
  12 bats
  2 giant cockroaches
  11 goblins
  7 hobgoblins
  13 jackals
  A quokka (D:4)
  4 frilled lizards (D:1)
  3 hobgoblin zombies (Ossuary)
  A jackal zombie (D:6)
  3 kobolds
  4 kobold zombies (Ossuary)
  6 orc zombies (Ossuary)
  A quokka zombie (D:5)
  6 rats
139 creatures vanquished.

Vanquished Creatures (collateral kills)
  2 sky beasts (D:5)
  2 ogres (D:4)
  4 water moccasin zombies (Ossuary)
  2 gnolls (D:5)
  An adder zombie (Ossuary)
  A gnoll zombie (Ossuary)
  A hobgoblin zombie (Ossuary)
  2 kobold zombies (Ossuary)
  2 orc zombies (Ossuary)
17 creatures vanquished.

Grand Total: 156 creatures vanquished

Notes
Turn   | Place    | Note
-------+----------+-------------------------------------------
     0 | D:1      | vurker the Demigod Wizard began the quest for the Orb.
     0 | D:1      | Reached XP level 1. HP: 14/14 MP: 6/6
    95 | D:1      | Reached skill level 1 in Conjurations
   364 | D:1      | Reached XP level 2. HP: 22/22 MP: 6/8
  1069 | D:1      | Reached XP level 3. HP: 27/27 MP: 6/10
  1270 | D:2      | Reached skill level 1 in Fighting
  2563 | D:3      | Reached XP level 4. HP: 35/35 MP: 9/12
  3566 | D:4      | Noticed an ogre
  3713 | D:4      | Found a burning altar of Makhleb.
  3722 | D:4      | Found a sand-covered staircase.
  3727 | Ossuary  | Entered an ossuary
  3740 | Ossuary  | Learned a level 2 spell: Call Imp
  3743 | Ossuary  | Learned a level 2 spell: Blink
  3809 | Ossuary  | Reached XP level 5. HP: 17/41 MP: 1/13
  4495 | Ossuary  | Reached XP level 6. HP: 18/48 MP: 10/15
  4869 | D:4      | Found a snail-covered altar of Cheibriados.
  4913 | D:4      | HP: 2/50 [ogre/+0 giant spiked club (28)]
  5293 | D:4      | Reached skill level 5 in Spellcasting
  5293 | D:4      | Reached XP level 7. HP: 50/56 MP: 10/17
  5757 | D:5      | Entered Level 5 of the Dungeon
  6241 | D:5      | Noticed Eustachio
  6275 | D:5      | Reached skill level 5 in Conjurations
  7328 | D:5      | Killed Eustachio
  7772 | D:6      | Reached XP level 8. HP: 36/66 MP: 13/20
  8637 | D:6      | Found a staircase to the Ecumenical Temple.
  8862 | D:6      | Found an iron altar of Okawaru.
  8865 | D:6      | Found a hide-covered altar of Uskayaw.
  9128 | D:6      | HP: 3/66 [centaur (10)]
  9128 | D:6      | Slain by a centaur

Illustrated notes

Levels and vault maps discovered:
D:1:      dpeg_arrival_brainrot, layout_basic, hangedman_decor_opposing,
          due_unseen_surprise
D:2:      layout_loops_ring
D:3:      layout_basic, first_ration
D:4:      cheibrodos_old_hovel, layout_rooms, bloody_makhleb,
          lemuel_crystal_altar, enter_ossuary_2, wad_orctagon
D:5:      layout_rooms, uniq_eustachio
D:6:      layout_gridville, minitemple, minmay_temple_entry_hall

Skill      XL: |  1  2  3  4  5  6  7  8 |
---------------+-------------------------+-----
Conjurations   | 1 2 3 4 5 6 |  6.3
Spellcasting   | 3 4 5 6 |  6.4
Fighting       | 1 2 3 4 |  4.2
Dodging        | |  1.7
Stealth        | |  1.7
Summonings     | |  0.8
Translocations | |  0.8

Action                   |  1- 3 |  4- 6 |  7- 9 || total
-------------------------+-------+-------+-------++-------
Melee: Unarmed           |     7 |       |       ||     7
       Whip              |     4 |     8 |       ||    12
       Short sword       |       |    73 |    59 ||   132
 Cast: Magic Dart        |   133 |   112 |   169 ||   414
       Call Imp          |       |    22 |    14 ||    36
  Use: Scroll            |       |       |    18 ||    18
  Eat: Chunk             |     5 |     3 |     9 ||    17
       Ration            |       |     1 |     1 ||     2
Armor: Robe              |    10 |    14 |    12 ||    36
Dodge: Dodged            |    27 |    87 |    82 ||   196

Table legend:
 A = Non-vault XP
 B = Vault XP
 C = Vault XP percentage of total XP
 D = Non-vault monster count
 E = Vault monster count
 F = Vault count percentage of total count
                 A         B        C        D         E       F
            +---------+---------+-------+---------+---------+-------
      Total |    1596 |     719 |  31.1 |     114 |      40 |  26.0
            +---------+---------+-------+---------+---------+-------
        D:1 |      54 |       0 |   0.0 |      26 |       0 |   0.0
        D:2 |      44 |       0 |   0.0 |      18 |       0 |   0.0
        D:3 |      53 |       0 |   0.0 |      23 |       0 |   0.0
        D:4 |     320 |      12 |   3.6 |      11 |       4 |  26.7
        D:5 |     474 |     202 |  29.9 |      18 |       1 |   5.3
        D:6 |     651 |       0 |   0.0 |      18 |       0 |   0.0
    Ossuary |       0 |     505 | 100.0 |       0 |      35 | 100.0
            +---------+---------+-------+---------+---------+-------
